 Dungeon Crawl Stone Soup version 0.21-a0-442-g848f44b (webtiles) character file.

315 slep the Magician (level 6, -4/44 HPs)
             Began as a Demonspawn Wanderer on Nov 14, 2017.
             Slain by a bullfrog (7 damage)
             ... on level 6 of the Dungeon.
             The game lasted 00:11:09 (2107 turns).

slep the Magician (Demonspawn Wanderer)             Turns: 2107, Time: 00:11:10

Health: -4/44      AC:  3    Str: 15    XL:     6   Next: 20%
Magic:  13/13      EV: 11    Int: 11    God:
Gold:   105        SH:  4    Dex: 14    Spells: 14/14 levels left

rFire    + . .     SeeInvis .   a - +2 mace
rCold    . . .     Gourm    .   g - +0 buckler
rNeg     . . .     Faith    .   e - +0 leather armour (curse)
rPois    .         Spirit   .   (no helmet)
rElec    .         Reflect  .   (no cloak)
rCorr    .         Harm     .   (no gloves)
MR       .....                  (no boots)
Stlth    +.........             (no amulet)
HPRegen  0.14/turn              (no ring)
MPRegen  0.13/turn              (no ring)

@: no status effects
A: fire resistance 1, powered by death 2
a: no special abilities


You were on level 6 of the Dungeon.
You were very hungry.

You visited 1 branch of the dungeon, and saw 4 of its levels.

You collected 105 gold pieces.

Inventory:

Hand Weapons
 a - a +2 mace (weapon)
Armour
 d - a +0 robe
 e - a cursed +0 leather armour (worn)
 g - a +0 buckler (worn)
Scrolls
 h - 3 scrolls of amnesia {unknown}
 i - a scroll of immolation {unknown}
 n - 2 scrolls of remove curse {unknown}
 p - 3 scrolls of identify {unknown}
 r - a scroll of teleportation {unknown}
 t - a scroll of enchant armour {unknown}
Potions
 j - a potion of agility
 l - a potion of magic
 s - 2 potions of heal wounds {unknown}
Comestibles
 f - 2 bread rations
 k - a royal jelly
 m - a meat ration


   Skills:
 + Level 2.3 Fighting
 + Level 3.2 Maces & Flails
 + Level 1.0 Throwing
 + Level 2.4 Armour
 + Level 1.6 Dodging
 + Level 0.2 Stealth
 + Level 1.2 Shields
 + Level 4.8 Spellcasting
   Level 1.0 Conjurations


You had 14 spell levels left.
You didn't know any spells.

Dungeon Overview and Level Annotations

Branches:
Dungeon (3/15)

Altars:
Ashenzari
Zin

Shops:
D:2 *


Innate Abilities, Weirdness & Mutations

Your flesh is heat resistant. (rF+)
You regenerate health from kills.


Message History

Found a stone staircase leading up.
The bullfrog hits you but does no damage.
You hit the bullfrog.
The bullfrog is lightly wounded.
The bullfrog hits you.
* * * LOW HITPOINT WARNING * * *
The bullfrog barely misses you. The bullfrog misses you.
The bullfrog closely misses you. The bullfrog hits you.
* * * LOW HITPOINT WARNING * * *
You feel better. The bullfrog barely misses you.
The bullfrog closely misses you.
You hit the bullfrog.
The bullfrog is lightly wounded.
The bullfrog hits you.
* * * LOW HITPOINT WARNING * * *
You feel better. The bullfrog closely misses you. The bullfrog hits you!
* * * LOW HITPOINT WARNING * * *
The bullfrog hits you!
You die...

...###....'......#
...#.....#......#
##...##..#......#
####..###..#.....##
.......#...#.....#
.....#.....#.....#
#...###....#.....#
.....#.....#....F#
.......#####....@#
##.##'############
########### . #..........#
#.........# #..........##
#.........# ###..###....#
####.######'##
#+##....#####.##.#.......#
#....# #.....#.......#
#....# #.....#.......#
#....# #.....+.......#


You could see a bullfrog.

Vanquished Creatures
  An ice beast (D:6)
  A phantom (D:6)
  A crimson imp (D:6)
  An orc priest (D:3)
  2 adders
  An ooze (D:1)
  2 dart slugs
  2 leopard geckos (D:3)
  3 orcs (D:3)
  2 giant cockroaches
  6 goblins
  2 hobgoblins (D:2)
  4 jackals (D:3)
  8 kobolds
  A quokka (D:2)
  2 ball pythons
  7 bats
  3 frilled lizards
  10 rats
59 creatures vanquished.

Notes
Turn   | Place    | Note
-------+----------+-------------------------------------------
     0 | D:1      | slep the Demonspawn Wanderer began the quest for the Orb.
     0 | D:1      | slep set off with: a +2 mace, a potion of lignification, a potion of curing, a +0 robe, a bread ration
     0 | D:1      | Reached XP level 1. HP: 15/15 MP: 5/5
   339 | D:1      | Gained mutation: You regenerate a little health from kills. [demonic ancestry]
   339 | D:1      | Reached XP level 2. HP: 19/21 MP: 7/7
  1166 | D:2      | Reached XP level 3. HP: 17/26 MP: 9/9
  1347 | D:2      | Found a shattered altar of Ashenzari.
  1399 | D:2      | Found Zin's Purification Station.
  1401 | D:2      | Found a glowing silver altar of Zin.
  1623 | D:3      | Gained mutation: You regenerate health from kills. [demonic ancestry]
  1623 | D:3      | Reached XP level 4. HP: 27/32 MP: 10/10
  1782 | D:3      | You fall through a shaft for 3 floors!
  1833 | D:6      | Reached skill level 1 in Dodging
  1833 | D:6      | Reached XP level 5. HP: 18/38 MP: 12/12
  1912 | D:6      | Noticed an ice beast
  1923 | D:6      | Killed an ice beast
  1979 | D:6      | Noticed a phantom
  2025 | D:6      | Killed a phantom
  2025 | D:6      | Gained mutation: Your flesh is heat resistant. (rF+) [demonic ancestry]
  2025 | D:6      | Reached XP level 6. HP: 5/44 MP: 13/13
  2105 | D:6      | HP: 2/44 [bullfrog (8)]
  2107 | D:6      | Slain by a bullfrog

Vault maps used:
D:1:      nicolae_arrival_somewhat_less_tricky_arrival, serial_forest,
          infiniplex_forest_straight_5, infiniplex_forest_clump_long,
          infiniplex_forest_lined_ring, infiniplex_forest_lined_4_way,
          infiniplex_forest_lined_1, infiniplex_forest_corner_1,
          infiniplex_forest_end_2, infiniplex_forest_corner_1
D:2:      zin_purify, lemuel_coloured_pillars_altar
D:3:      demons_altar
D:6:      lemuel_ratsnest, marbit_many_paths, elyvilon_altar_4,
          minmay_strange_pillars

Skill      XL: |  1  2  3  4  5 |
---------------+----------------+-----
Maces & Flails | 2 3 |  3.2
Armour         | 2 |  2.4
Dodging        | 1 |  1.6
Fighting       | 2 |  2.3
Throwing       | |  1.0
Stealth        | |  0.2
Shields        | |  1.2
Spellcasting   | |  4.8
Conjurations   | |  1.0

Action                   |  1- 3 |  4- 6 || total
-------------------------+-------+-------++-------
Melee: Mace              |   117 |   100 ||   217
  Use: Potion            |       |     7 ||     7
 Stab: Sleeping          |     1 |       ||     1
  Eat: Chunk             |     2 |     1 ||     3
Armor: Leather armour    |    27 |    17 ||    44
       Skin              |       |     7 ||     7
Dodge: Dodged            |    68 |    52 ||   120
Block: Buckler           |    21 |    11 ||    32

Table legend:
 A = Spawn XP
 B = Non-spawn XP
 C = Spawn XP percentage of total XP
 D = Spawn monster count
 E = Non-spawn monster count
 F = Spawn count percentage of total count
 G = Total turns spent on level
                    A         B        C        D         E        F      G
               +---------+---------+-------+---------+---------+-------+---------
         Total |       0 |     451 |   0.0 |       0 |      59 |   0.0 |  2107
               +---------+---------+-------+---------+---------+-------+---------
           D:1 |       0 |      26 |   0.0 |       0 |      13 |   0.0 |  1117
           D:2 |       0 |      51 |   0.0 |       0 |      26 |   0.0 |   392
           D:3 |       0 |      74 |   0.0 |       0 |      16 |   0.0 |   273
           D:6 |       0 |     300 |   0.0 |       0 |       4 |   0.0 |   325
               +---------+---------+-------+---------+---------+-------+---------
